Flyers vs Blues
Created - 2 mai 2013 at 22:49
Goals
|
| Flyers |
0 |
3 |
2 |
5 |
| Blues |
1 |
1 |
2 |
4 |
|
Shots
|
| Flyers |
10 |
16 |
2 |
28 |
| Blues |
13 |
18 |
7 |
38 |
|
1st period
1. Blues , Jamie Langenbrunner 18 (Travis Zajac, Dan Boyle) at 6:12 (PP)
Penalties :
Marcel Hossa (Phi) for Hooking (Minor) at 5:21, Andrei Kostitsyn (Phi) for Boarding (Minor) at 8:07
2nd period
2. Flyers , Marc Savard 40 (Martin St. Louis, Brooks Orpik) at 1:23
3. Flyers , Andrei Kostitsyn 30 (Zigmund Palffy, Blair Betts) at 5:16
4. Blues , Travis Zajac 28 (Dan Boyle) at 5:22
5. Flyers , Andrei Kostitsyn 31 (Jeff O'Neill) at 10:13 (PP)
Penalties :
Darcy Hordichuk (STL) for Diving (Minor) at 1:47, Brooks Orpik (Phi) for Slashing (Minor) at 1:47, Ryan Malone (STL) for Holding (Minor) at 8:54, Matthew Lombardi (STL) for Interference (Minor) at 17:37
3rd period
6. Blues , Travis Zajac 29 (Dan Boyle, Paul Kariya) at 0:14
7. Flyers , Blair Betts 3 (Andrei Kostitsyn, Justin Williams) at 5:59
8. Blues , Travis Zajac 30 (Bryce Lampman) at 6:08
9. Flyers , Marcel Hossa 6 (Frantisek Kaberle, Justin Williams) at 17:09
Penalties :
David Moss (Phi) for Boarding (Minor) at 1:42, Andrei Kostitsyn (Phi) for Roughing (Minor) at 8:20, Ville Peltonen (STL) for Hooking (Minor) at 11:07, Blair Betts (Phi) for Hooking (Minor) at 11:07, Brian Lee (STL) for Holding Stick (Minor) at 18:28
Goalie Stats
Chris Mason (Phi), 34 saves from 38 shots - (0,895), W, 20-23-7, 60:00 minutes
Tim Thomas (STL), 23 saves from 28 shots - (0,821), L, 23-18-3, 60:00 minutes
Players Stats for Flyers
Player Name G A P +/- PIM S H SB GA TA FO MP PP MP PK MP
------------------------------------------------------------------------------------
Andrei Kostitsyn 2 1 3 1 4 6 2 1 0 0 0/0 15:00 2:12 0:28
Blair Betts 1 1 2 1 2 2 2 0 0 1 8/17 17:09 0:20 1:12
Brooks Orpik 0 1 1 -2 2 0 3 2 0 0 0/0 27:30 2:46 3:51
David Moss 0 0 0 0 2 0 0 0 0 0 0/0 6:41 0:26 0:44
Ed Jovanovski 0 0 0 1 0 1 1 1 0 2 0/0 18:10 2:03 0:00
Erik Cole 0 0 0 -1 0 3 1 0 0 1 1/3 23:58 2:00 3:43
Frantisek Kaberle 0 1 1 -2 0 2 1 4 1 0 0/0 27:57 2:46 3:51
Jeff O'Neill 0 1 1 0 0 0 1 0 0 0 2/4 8:33 2:23 1:53
Justin Williams 0 2 2 1 0 2 0 0 0 0 0/0 4:38 0:00 0:00
Marc Savard 1 0 1 -1 0 2 2 0 0 0 7/21 20:59 2:17 0:00
Marcel Hossa 1 0 1 1 2 2 0 0 0 0 0/0 11:02 0:00 0:00
Martin St. Louis 0 1 1 -1 0 0 1 1 0 1 0/1 19:22 2:37 0:00
Martin Straka 0 0 0 1 0 3 4 0 0 1 7/16 14:46 0:00 3:43
Miroslav Satan 0 0 0 1 0 3 0 0 0 0 0/1 11:03 0:00 0:00
Nolan Pratt 0 0 0 2 0 0 0 0 1 0 0/0 14:37 0:00 2:57
Ossi Vaananen 0 0 0 1 0 1 1 1 0 0 0/0 22:14 2:03 2:57
Scott Hannan 0 0 0 2 0 0 0 0 0 0 0/0 9:31 0:00 0:00
Zigmund Palffy 0 1 1 0 0 1 3 1 0 0 0/0 15:58 2:12 1:53
Players Stats for Blues
Player Name G A P +/- PIM S H SB GA TA FO MP PP MP PK MP
------------------------------------------------------------------------------------
Blake Wheeler 0 0 0 0 0 0 2 2 0 0 0/1 11:24 0:00 0:00
Brent Burns 0 0 0 0 0 0 2 0 1 0 0/0 23:15 4:18 2:27
Brian Lee 0 0 0 -2 2 0 0 1 0 0 0/0 15:33 2:30 0:13
Bryce Lampman 0 1 1 0 0 1 2 0 0 0 0/0 23:30 2:30 2:09
Dan Boyle 0 3 3 1 0 5 1 2 1 0 0/0 25:34 4:18 0:13
Darcy Hordichuk 0 0 0 -2 2 1 4 0 2 0 1/1 15:09 0:00 3:00
Drew Fata 0 0 0 -1 0 2 0 0 0 0 0/0 14:00 0:00 2:09
Éric Belanger 0 0 0 -1 0 0 0 0 0 0 0/1 9:34 0:00 0:26
Jamie Langenbrunner 1 0 1 1 0 7 1 1 0 0 0/0 20:47 3:16 1:03
Matthew Lombardi 0 0 0 -1 2 4 0 0 0 0 4/7 9:32 0:00 0:00
Maxim Afinogenov 0 0 0 -1 0 2 2 0 0 0 1/1 17:04 3:32 0:00
Mike Komisarek 0 0 0 0 0 1 0 0 0 0 0/0 18:07 0:00 2:27
Nik Antropov 0 0 0 -1 0 0 3 0 0 0 8/14 17:56 3:32 1:03
Paul Kariya 0 1 1 2 0 7 1 1 1 0 4/7 22:51 3:32 2:38
Ryan Malone 0 0 0 0 2 2 1 0 0 0 0/1 12:34 3:16 0:22
Travis Zajac 3 1 4 2 0 4 1 0 0 0 20/29 17:26 3:16 0:00
Vaclav Varada 0 0 0 -1 0 1 0 0 0 2 0/1 8:04 0:00 0:49
Ville Peltonen 0 0 0 -1 2 1 2 0 1 0 0/0 8:48 0:00 0:17
3 Stars
1 - Travis Zajac (STL)
2 - Andrei Kostitsyn (Phi)
3 - Dan Boyle (STL)
Power Play
Flyers - 1 on 3 Attempt(s) - 33,33%
Blues - 1 on 4 Attempt(s) - 25,00%
Penalty Kill
Flyers - 3 on 4 Attempt(s) - 75,00%
- Score 0 goal in Penalty Kill
Blues - 2 on 3 Attempt(s) - 66,67%
- Score 0 goal in Penalty Kill
Official
Referees : Kowal Tom and McCreary Bill
Linesman : Don Henderson and David Brisebois
Game Notes
Travis Zajac has scored a Hat Trick!
Finance
Level 1 -- Attendance: 4180 (69,67%) -- Ticket Income 405 460 $
Level 2 -- Attendance: 3845 (76,90%) -- Ticket Income 219 165 $
Level 3 -- Attendance: 1545 (77,25%) -- Ticket Income 50 985 $
Level 4 -- Attendance: 2919 (72,98%) -- Ticket Income 64 218 $
Luxury Box -- Attendance: 680 (68,00%) -- Ticket Income 136 000 $
Game was played at the Scotttrade center
Total Attendance: 13169 (73,16%)
Total Ticket Income: 875 828 $
Other Income: 43 791 $
Total Income: 919 619 $
Flyers
5 vs 5 Forward
Center Left Wing Right Wing Time % Phy DF OF
1 Marc Savard Erik Cole Martin St. Louis 40 1 2 2
2 Blair Betts Andrei Kostitsyn Zigmund Palffy 30 1 2 2
3 Martin Straka Marcel Hossa Miroslav Satan 20 1 2 2
4 Blair Betts David Moss Justin Williams 10 1 2 2
5 vs 5 Defense
Defense Defense Time % Phy DF OF
1 Frantisek Kaberle Brooks Orpik 40 1 2 2
2 Ossi Vaananen Ed Jovanovski 30 1 2 2
3 Scott Hannan Nolan Pratt 20 1 2 2
4 Frantisek Kaberle Brooks Orpik 10 1 2 2
PowerPlay Forward
Center Left Wing Right Wing Time % Phy DF OF
1 Marc Savard Erik Cole Martin St. Louis 60 1 2 2
2 Jeff O'Neill Andrei Kostitsyn Zigmund Palffy 40 1 2 2
PowerPlay Defense
Defense Defense Time % Phy DF OF
1 Frantisek Kaberle Brooks Orpik 60 1 2 2
2 Ossi Vaananen Ed Jovanovski 40 1 2 2
Penalty Kill 4 Players Forward
Center Wing Time % Phy DF OF
1 Martin Straka Erik Cole 60 1 2 2
2 Jeff O'Neill Zigmund Palffy 40 1 2 2
Penalty Kill 4 Players Defense
Defense Defense Time % Phy DF OF
1 Frantisek Kaberle Brooks Orpik 60 1 2 2
2 Nolan Pratt Ossi Vaananen 40 1 2 2
Penalty Kill - 3 Players Forward
Forward Time % Phy DF OF
1 Martin Straka 60 1 2 2
2 Jeff O'Neill 40 1 2 2
Penalty Kill - 3 Players Defense
Defense Defense Time % Phy DF OF
1 Frantisek Kaberle Brooks Orpik 60 1 2 2
2 Nolan Pratt Ossi Vaananen 40 1 2 2
4 vs 4 Forward
Center Wing Time % Phy DF OF
1 Marc Savard Erik Cole 60 1 2 2
2 Jeff O'Neill Martin St. Louis 40 1 2 2
4 vs 4 Defense
Defense Defense Time % Phy DF OF
1 Frantisek Kaberle Brooks Orpik 60 1 2 2
2 Ed Jovanovski Ossi Vaananen 40 1 2 2
Last Minutes Offensive
Center Left Wing Right Wing Defense Defense
Martin Straka Erik Cole Martin St. Louis Frantisek Kaberle Ossi Vaananen
Last Minutes Defensive
Center Left Wing Right Wing Defense Defense
Martin Straka Erik Cole Martin St. Louis Frantisek Kaberle Ossi Vaananen
Goaltenders
Starting : Chris Mason
Backup : Ray Emery
Extra Forwards
Normal : Marc Savard, Martin St. Louis, Jeff O'Neill - PP : Andrei Kostitsyn, Jeff O'Neill - PK : Erik Cole
Extra Defensemen
Normal : Frantisek Kaberle, Brooks Orpik, Nolan Pratt - PP : Frantisek Kaberle - PK : Nolan Pratt, Ossi Vaananen
Penalty Shots
Martin Straka, Martin St. Louis, Marc Savard, Jeff O'Neill, Miroslav Satan
Blues
5 vs 5 Forward
Center Left Wing Right Wing Time % Phy DF OF
1 Travis Zajac Paul Kariya Jamie Langenbrunner 40 1 2 2
2 Nik Antropov Darcy Hordichuk Maxim Afinogenov 30 1 2 2
3 Matthew Lombardi Ryan Malone Blake Wheeler 20 1 2 2
4 Éric Belanger Ville Peltonen Vaclav Varada 10 1 2 2
5 vs 5 Defense
Defense Defense Time % Phy DF OF
1 Dan Boyle Bryce Lampman 40 1 2 2
2 Mike Komisarek Brent Burns 30 1 2 2
3 Brian Lee Drew Fata 20 1 2 2
4 Brent Burns Dan Boyle 10 1 2 2
PowerPlay Forward
Center Left Wing Right Wing Time % Phy DF OF
1 Nik Antropov Paul Kariya Maxim Afinogenov 60 1 2 2
2 Travis Zajac Ryan Malone Jamie Langenbrunner 40 1 2 2
PowerPlay Defense
Defense Defense Time % Phy DF OF
1 Dan Boyle Brent Burns 60 1 2 2
2 Brian Lee Bryce Lampman 40 1 2 2
Penalty Kill 4 Players Forward
Center Wing Time % Phy DF OF
1 Paul Kariya Darcy Hordichuk 60 1 2 2
2 Nik Antropov Jamie Langenbrunner 40 1 2 2
Penalty Kill 4 Players Defense
Defense Defense Time % Phy DF OF
1 Brent Burns Mike Komisarek 60 1 2 2
2 Bryce Lampman Drew Fata 40 1 2 2
Penalty Kill - 3 Players Forward
Forward Time % Phy DF OF
1 Paul Kariya 60 1 2 2
2 Éric Belanger 40 1 2 2
Penalty Kill - 3 Players Defense
Defense Defense Time % Phy DF OF
1 Drew Fata Mike Komisarek 60 1 2 2
2 Dan Boyle Bryce Lampman 40 1 2 2
4 vs 4 Forward
Center Wing Time % Phy DF OF
1 Paul Kariya Maxim Afinogenov 60 1 2 2
2 Nik Antropov Jamie Langenbrunner 40 1 2 2
4 vs 4 Defense
Defense Defense Time % Phy DF OF
1 Dan Boyle Mike Komisarek 60 1 2 2
2 Brent Burns Bryce Lampman 40 1 2 2
Last Minutes Offensive
Center Left Wing Right Wing Defense Defense
Travis Zajac Paul Kariya Maxim Afinogenov Dan Boyle Brent Burns
Last Minutes Defensive
Center Left Wing Right Wing Defense Defense
Nik Antropov Paul Kariya Maxim Afinogenov Bryce Lampman Mike Komisarek
Goaltenders
Starting : Tim Thomas
Backup : Tuukka Rask
Extra Forwards
Normal : Éric Belanger, Blake Wheeler, Vaclav Varada - PP : Éric Belanger, Blake Wheeler - PK : Vaclav Varada
Extra Defensemen
Normal : Brian Lee, Drew Fata, Dan Boyle - PP : Mike Komisarek - PK : Drew Fata, Dan Boyle
Penalty Shots
Paul Kariya, Maxim Afinogenov, Nik Antropov, Jamie Langenbrunner, Travis Zajac
% Time on Ice - Flyers
Lines # - Real PCT - Wanted PCT - Time Play
Normal Forward
1 - 38% - 40% - 16:51
2 - 27% - 30% - 12:11
3 - 25% - 20% - 11:03
4 - 10% - 10% - 4:20
Normal Defense
1 - 39% - 40% - 17:18
2 - 36% - 30% - 16:01
3 - 21% - 20% - 9:31
4 - 4% - 10% - 1:35
PP Forward
1 - 54% - 60% - 2:37
2 - 46% - 40% - 2:12
PP Defense
1 - 57% - 60% - 2:46
2 - 43% - 40% - 2:03
PK Forward
1 - 72% - 60% - 4:55
2 - 28% - 40% - 1:53
PK Defense
1 - 57% - 60% - 3:51
2 - 43% - 40% - 2:57
PK3 Forward
1 - 0% - 60%
2 - 0% - 40%
PK3 Defense
1 - 0% - 60%
2 - 0% - 40%
44 Forward
1 - 85% - 60% - 3:23
2 - 15% - 40% - 0:35
44 Defense
1 - 66% - 60% - 2:38
2 - 34% - 40% - 1:20
Last Minute Offensive - 0:00
Last Minute Defensive - 0:00
Total
Forward - 60:00
Defense - 60:00
|
% Time on Ice - Blues
Lines # - Real PCT - Wanted PCT - Time Play
Normal Forward
1 - 36% - 40% - 16:06
2 - 28% - 30% - 12:35
3 - 20% - 20% - 9:00
4 - 15% - 10% - 6:44
Normal Defense
1 - 41% - 40% - 18:04
2 - 29% - 30% - 12:56
3 - 27% - 20% - 11:51
4 - 4% - 10% - 1:34
PP Forward
1 - 52% - 60% - 3:32
2 - 48% - 40% - 3:16
PP Defense
1 - 63% - 60% - 4:18
2 - 37% - 40% - 2:30
PK Forward
1 - 78% - 60% - 3:46
2 - 22% - 40% - 1:03
PK Defense
1 - 55% - 60% - 2:40
2 - 45% - 40% - 2:09
PK3 Forward
1 - 0% - 60%
2 - 0% - 40%
PK3 Defense
1 - 0% - 60%
2 - 0% - 40%
44 Forward
1 - 68% - 60% - 2:41
2 - 32% - 40% - 1:17
44 Defense
1 - 58% - 60% - 2:17
2 - 42% - 40% - 1:41
Last Minute Offensive - 0:00
Last Minute Defensive - 0:00
Total
Forward - 60:00
Defense - 60:00
|
Play by Play
1st period
0:01 of 1st period - Travis Zajac wins face-off versus Erik Cole in neutral zone.
0:04 of 1st period - Erik Cole is hit by Dan Boyle and loses puck.
0:25 of 1st period - Blair Betts is hit by Maxim Afinogenov and loses puck.
0:30 of 1st period - Slapshot by Maxim Afinogenov.
0:30 of 1st period - Stopped by Chris Mason without a rebound.
0:31 of 1st period - Martin Straka wins face-off versus Matthew Lombardi in Flyers zone.
0:31 of 1st period - Martin Straka is hit by Blake Wheeler.
0:37 of 1st period - Snap shot by Miroslav Satan.
0:37 of 1st period - Shot Blocked by Blake Wheeler.
1:13 of 1st period - Snap shot by Miroslav Satan.
1:13 of 1st period - Stopped by Tim Thomas without a rebound.
1:14 of 1st period - Travis Zajac wins face-off versus Erik Cole in Blues zone.
1:21 of 1st period - Snap shot by Paul Kariya.
1:21 of 1st period - Shot Misses the Net.
1:45 of 1st period - Snap shot by Vaclav Varada.
1:45 of 1st period - Shot Misses the Net.
2:54 of 1st period - Brent Burns is hit by Blair Betts and loses puck.
3:25 of 1st period - Zigmund Palffy is hit by Blake Wheeler.
3:28 of 1st period - Off-side.
3:29 of 1st period - Marc Savard wins face-off versus Matthew Lombardi in neutral zone.
3:56 of 1st period - Wrist shot by Matthew Lombardi.
3:56 of 1st period - Stopped by Chris Mason with a rebound.
3:58 of 1st period - Slapshot by Bryce Lampman.
3:58 of 1st period - Shot Misses the Net.
4:38 of 1st period - Snap shot by Marc Savard.
4:38 of 1st period - Shot Blocked by Jamie Langenbrunner.
4:40 of 1st period - Wrist shot by Erik Cole.
4:40 of 1st period - Stopped by Tim Thomas without a rebound.
4:41 of 1st period - Blair Betts wins face-off versus Travis Zajac in Blues zone.
4:42 of 1st period - Snap shot by Andrei Kostitsyn.
4:42 of 1st period - Shot Misses the Net.
4:56 of 1st period - Wrist shot by Travis Zajac.
4:56 of 1st period - Shot Blocked by Andrei Kostitsyn.
5:21 of 1st period - Minor Penalty to Marcel Hossa for Hooking.
5:22 of 1st period - Martin Straka wins face-off versus Nik Antropov in Flyers zone.
5:22 of 1st period - Martin Straka is hit by Brent Burns.
5:34 of 1st period - Wrist shot by Paul Kariya.
5:34 of 1st period - Shot Misses the Net.
5:36 of 1st period - Snap shot by Paul Kariya.
5:36 of 1st period - Stopped by Chris Mason without a rebound.
5:37 of 1st period - Martin Straka wins face-off versus Nik Antropov in Flyers zone.
6:12 of 1st period - Wrist shot by Jamie Langenbrunner.
6:12 of 1st period - Goal by Jamie Langenbrunner - Flyers : 0 - Blues : 1.
6:13 of 1st period - Travis Zajac wins face-off versus Blair Betts in neutral zone.
6:13 of 1st period - Travis Zajac is hit by Zigmund Palffy.
6:21 of 1st period - Slapshot by Paul Kariya.
6:21 of 1st period - Stopped by Chris Mason with a rebound.
6:45 of 1st period - Frantisek Kaberle is hit by Darcy Hordichuk and loses puck.
7:11 of 1st period - Icing by Martin Straka.
7:12 of 1st period - Travis Zajac wins face-off versus Martin Straka in Flyers zone.
7:27 of 1st period - Wrist shot by Paul Kariya.
7:27 of 1st period - Stopped by Chris Mason without a rebound.
7:28 of 1st period - Marc Savard wins face-off versus Nik Antropov in Flyers zone.
7:55 of 1st period - Paul Kariya is hit by Brooks Orpik and loses puck.
8:07 of 1st period - Minor Penalty to Andrei Kostitsyn for Boarding.
8:08 of 1st period - Martin Straka wins face-off versus Nik Antropov in Flyers zone.
8:21 of 1st period - Snap shot by Paul Kariya.
8:21 of 1st period - Shot Blocked by Brooks Orpik.
9:46 of 1st period - Icing by Ryan Malone.
9:47 of 1st period - Travis Zajac wins face-off versus Blair Betts in Blues zone.
10:07 of 1st period - Penalty to Andrei Kostitsyn is over, Andrei Kostitsyn is back on ice.
10:20 of 1st period - Wrist shot by Justin Williams.
10:20 of 1st period - Shot Misses the Net.
10:22 of 1st period - Slapshot by Frantisek Kaberle.
10:22 of 1st period - Stopped by Tim Thomas with a rebound.
11:37 of 1st period - Slapshot by Marc Savard.
11:37 of 1st period - Shot Blocked by Dan Boyle.
11:39 of 1st period - Wrist shot by Erik Cole.
11:39 of 1st period - Stopped by Tim Thomas with a rebound.
12:59 of 1st period - Ryan Malone is hit by Martin Straka and loses puck.
13:10 of 1st period - Blair Betts is hit by Brent Burns and loses puck.
13:17 of 1st period - Justin Williams is hit by Ville Peltonen and loses puck.
13:31 of 1st period - Snap shot by Martin St. Louis.
13:31 of 1st period - Shot Misses the Net.
13:52 of 1st period - Drew Fata is hit by Martin Straka and loses puck.
14:07 of 1st period - Snap shot by Zigmund Palffy.
14:07 of 1st period - Deflect By Andrei Kostitsyn.
14:07 of 1st period - Shot Misses the Net.
14:07 of 1st period - Puck is out of play.
14:08 of 1st period - Travis Zajac wins face-off versus Marc Savard in Blues zone.
14:08 of 1st period - Travis Zajac is hit by Ed Jovanovski.
14:14 of 1st period - Slapshot by Dan Boyle.
14:14 of 1st period - Stopped by Chris Mason without a rebound.
14:15 of 1st period - Travis Zajac wins face-off versus Marc Savard in Flyers zone.
14:25 of 1st period - Snap shot by Travis Zajac.
14:25 of 1st period - Shot Blocked by Ed Jovanovski.
14:40 of 1st period - Off-side.
14:41 of 1st period - Blair Betts wins face-off versus Nik Antropov in neutral zone.
15:11 of 1st period - Wrist shot by Paul Kariya.
15:11 of 1st period - Stopped by Chris Mason without a rebound.
15:12 of 1st period - Travis Zajac wins face-off versus Marc Savard in Flyers zone.
15:13 of 1st period - Snap shot by Paul Kariya.
15:13 of 1st period - Stopped by Chris Mason without a rebound.
15:14 of 1st period - Travis Zajac wins face-off versus Marc Savard in Flyers zone.
15:15 of 1st period - Snap shot by Jamie Langenbrunner.
15:15 of 1st period - Shot Misses the Net.
15:27 of 1st period - Snap shot by Erik Cole.
15:27 of 1st period - Stopped by Tim Thomas with a rebound.
15:29 of 1st period - Slapshot by Ossi Vaananen.
15:29 of 1st period - Stopped by Tim Thomas without a rebound.
15:30 of 1st period - Nik Antropov wins face-off versus Blair Betts in Blues zone.
15:47 of 1st period - Blair Betts is hit by Nik Antropov and loses puck.
16:20 of 1st period - Frantisek Kaberle is hit by Travis Zajac and loses puck.
16:33 of 1st period - Wrist shot by Marc Savard.
16:33 of 1st period - Stopped by Tim Thomas with a rebound.
16:35 of 1st period - Slapshot by Erik Cole.
16:35 of 1st period - Shot Misses the Net.
16:37 of 1st period - Wrist shot by Marc Savard.
16:37 of 1st period - Shot Misses the Net.
16:51 of 1st period - Slapshot by Travis Zajac.
16:51 of 1st period - Stopped by Chris Mason without a rebound.
16:52 of 1st period - Nik Antropov wins face-off versus Blair Betts in Flyers zone.
17:03 of 1st period - Wrist shot by Andrei Kostitsyn.
17:03 of 1st period - Shot Blocked by Dan Boyle.
17:19 of 1st period - Icing by Dan Boyle.
17:20 of 1st period - Matthew Lombardi wins face-off versus Miroslav Satan in Blues zone.
17:29 of 1st period - Slapshot by Marcel Hossa.
17:29 of 1st period - Shot Blocked by Blake Wheeler.
17:47 of 1st period - Andrei Kostitsyn is hit by Nik Antropov and loses puck.
18:06 of 1st period - Slapshot by Paul Kariya.
18:06 of 1st period - Shot Misses the Net.
18:34 of 1st period - Snap shot by Martin Straka.
18:34 of 1st period - Stopped by Tim Thomas with a rebound.
18:52 of 1st period - Slapshot by Zigmund Palffy.
18:52 of 1st period - Stopped by Tim Thomas with a rebound.
18:54 of 1st period - Slapshot by Blair Betts.
18:54 of 1st period - Stopped by Tim Thomas with a rebound.
18:56 of 1st period - Snap shot by Brooks Orpik.
18:56 of 1st period - Shot Misses the Net.
19:10 of 1st period - Wrist shot by Maxim Afinogenov.
19:10 of 1st period - Shot Blocked by Frantisek Kaberle.
19:12 of 1st period - Snap shot by Darcy Hordichuk.
19:12 of 1st period - Shot Misses the Net.
19:14 of 1st period - Slapshot by Bryce Lampman.
19:14 of 1st period - Stopped by Chris Mason with a rebound.
19:16 of 1st period - Snap shot by Maxim Afinogenov.
19:16 of 1st period - Shot Misses the Net.
19:32 of 1st period - Slapshot by Paul Kariya.
19:32 of 1st period - Shot Misses the Net.
19:34 of 1st period - Slapshot by Drew Fata.
19:34 of 1st period - Stopped by Chris Mason with a rebound.
19:36 of 1st period - Wrist shot by Jamie Langenbrunner.
19:36 of 1st period - Stopped by Chris Mason without a rebound.
19:37 of 1st period - Nik Antropov wins face-off versus Marc Savard in Flyers zone.
2nd period
0:01 of 2nd period - Marc Savard wins face-off versus Travis Zajac in neutral zone.
0:37 of 2nd period - Wrist shot by Paul Kariya.
0:37 of 2nd period - Stopped by Chris Mason without a rebound.
0:38 of 2nd period - Nik Antropov wins face-off versus Marc Savard in Flyers zone.
0:48 of 2nd period - Off-side.
0:49 of 2nd period - Marc Savard wins face-off versus Blake Wheeler in neutral zone.
0:54 of 2nd period - Wrist shot by Marc Savard.
0:54 of 2nd period - Shot Misses the Net.
1:02 of 2nd period - Snap shot by Matthew Lombardi.
1:02 of 2nd period - Stopped by Chris Mason with a rebound.
1:23 of 2nd period - Snap shot by Marc Savard.
1:23 of 2nd period - Deflect By Maxim Afinogenov.
1:23 of 2nd period - Goal by Marc Savard - Flyers : 1 - Blues : 1.
1:24 of 2nd period - Blair Betts wins face-off versus Travis Zajac in neutral zone.
1:29 of 2nd period - Bryce Lampman is hit by Andrei Kostitsyn and loses puck.
1:36 of 2nd period - Snap shot by Blair Betts.
1:36 of 2nd period - Shot Misses the Net.
1:38 of 2nd period - Snap shot by Andrei Kostitsyn.
1:38 of 2nd period - Shot Misses the Net.
1:40 of 2nd period - Wrist shot by Andrei Kostitsyn.
1:40 of 2nd period - Stopped by Tim Thomas with a rebound.
1:47 of 2nd period - Minor Penalty to Darcy Hordichuk for Diving.
1:47 of 2nd period - Minor Penalty to Brooks Orpik for Slashing.
1:48 of 2nd period - Marc Savard wins face-off versus Paul Kariya in Blues zone.
2:29 of 2nd period - Snap shot by Jamie Langenbrunner.
2:29 of 2nd period - Deflect By Martin St. Louis.
2:29 of 2nd period - Stopped by Chris Mason without a rebound.
2:30 of 2nd period - Nik Antropov wins face-off versus Jeff O'Neill in Flyers zone.
3:47 of 2nd period - Penalty to Darcy Hordichuk is over, Darcy Hordichuk is back on ice.
3:47 of 2nd period - Penalty to Brooks Orpik is over, Brooks Orpik is back on ice.
4:13 of 2nd period - Snap shot by Andrei Kostitsyn.
4:13 of 2nd period - Stopped by Tim Thomas without a rebound.
4:14 of 2nd period - Blair Betts wins face-off versus Matthew Lombardi in Blues zone.
4:19 of 2nd period - Slapshot by Justin Williams.
4:19 of 2nd period - Stopped by Tim Thomas with a rebound.
4:21 of 2nd period - Slapshot by David Moss.
4:21 of 2nd period - Deflect By Justin Williams.
4:21 of 2nd period - Stopped by Tim Thomas with a rebound.
4:23 of 2nd period - Snap shot by Blair Betts.
4:23 of 2nd period - Shot Misses the Net.
4:39 of 2nd period - Drew Fata is hit by Martin Straka and loses puck.
5:00 of 2nd period - Snap shot by Brian Lee.
5:00 of 2nd period - Shot Blocked by Frantisek Kaberle.
5:06 of 2nd period - Snap shot by Jamie Langenbrunner.
5:06 of 2nd period - Stopped by Chris Mason without a rebound.
5:07 of 2nd period - Blair Betts wins face-off versus Travis Zajac in Flyers zone.
5:14 of 2nd period - Slapshot by Andrei Kostitsyn.
5:14 of 2nd period - Shot Misses the Net.
5:16 of 2nd period - Slapshot by Andrei Kostitsyn.
5:16 of 2nd period - Goal by Andrei Kostitsyn - Flyers : 2 - Blues : 1.
5:17 of 2nd period - Travis Zajac wins face-off versus Blair Betts in neutral zone.
5:20 of 2nd period - Slapshot by Dan Boyle.
5:20 of 2nd period - Shot Misses the Net.
5:22 of 2nd period - Snap shot by Travis Zajac.
5:22 of 2nd period - Goal by Travis Zajac - Flyers : 2 - Blues : 2.
5:23 of 2nd period - Travis Zajac wins face-off versus Blair Betts in neutral zone.
5:32 of 2nd period - Snap shot by Jamie Langenbrunner.
5:32 of 2nd period - Shot Blocked by Zigmund Palffy.
5:39 of 2nd period - Off-side.
5:40 of 2nd period - Nik Antropov wins face-off versus Marc Savard in neutral zone.
5:56 of 2nd period - Slapshot by Martin St. Louis.
5:56 of 2nd period - Shot Misses the Net.
6:06 of 2nd period - Zigmund Palffy is hit by Bryce Lampman and loses puck.
6:11 of 2nd period - Snap shot by Paul Kariya.
6:11 of 2nd period - Shot Blocked by Frantisek Kaberle.
6:57 of 2nd period - Wrist shot by Ville Peltonen.
6:57 of 2nd period - Shot Misses the Net.
7:09 of 2nd period - Slapshot by Jamie Langenbrunner.
7:09 of 2nd period - Stopped by Chris Mason without a rebound.
7:10 of 2nd period - Blair Betts wins face-off versus Travis Zajac in Flyers zone.
7:10 of 2nd period - Blair Betts is hit by Jamie Langenbrunner.
8:00 of 2nd period - Wrist shot by Darcy Hordichuk.
8:00 of 2nd period - Stopped by Chris Mason with a rebound.
8:02 of 2nd period - Slapshot by Drew Fata.
8:02 of 2nd period - Stopped by Chris Mason without a rebound.
8:03 of 2nd period - Travis Zajac wins face-off versus Marc Savard in Flyers zone.
8:10 of 2nd period - Snap shot by Jamie Langenbrunner.
8:10 of 2nd period - Stopped by Chris Mason with a rebound.
8:30 of 2nd period - Brooks Orpik is hit by Darcy Hordichuk.
8:34 of 2nd period - Wrist shot by Miroslav Satan.
8:34 of 2nd period - Shot Misses the Net.
8:50 of 2nd period - Matthew Lombardi is hit by Blair Betts and loses puck.
8:54 of 2nd period - Minor Penalty to Ryan Malone for Holding.
8:55 of 2nd period - Darcy Hordichuk wins face-off versus Marc Savard in Blues zone.
9:32 of 2nd period - Snap shot by Andrei Kostitsyn.
9:32 of 2nd period - Stopped by Tim Thomas without a rebound.
9:33 of 2nd period - Paul Kariya wins face-off versus Martin St. Louis in Blues zone.
9:33 of 2nd period - Paul Kariya is hit by Ossi Vaananen.
10:05 of 2nd period - Snap shot by Jeff O'Neill.
10:05 of 2nd period - Deflect By Andrei Kostitsyn.
10:05 of 2nd period - Stopped by Tim Thomas without a rebound.
10:06 of 2nd period - Jeff O'Neill wins face-off versus Vaclav Varada in Blues zone.
10:13 of 2nd period - Backhand shot by Andrei Kostitsyn.
10:13 of 2nd period - Goal by Andrei Kostitsyn - Flyers : 3 - Blues : 2.
10:14 of 2nd period - Blair Betts wins face-off versus Travis Zajac in neutral zone.
10:27 of 2nd period - Slapshot by Paul Kariya.
10:27 of 2nd period - Stopped by Chris Mason with a rebound.
10:39 of 2nd period - Frantisek Kaberle is hit by Darcy Hordichuk and loses puck.
11:00 of 2nd period - Wrist shot by Martin Straka.
11:00 of 2nd period - Stopped by Tim Thomas without a rebound.
11:01 of 2nd period - Matthew Lombardi wins face-off versus Martin Straka in Blues zone.
11:06 of 2nd period - Slapshot by Mike Komisarek.
11:06 of 2nd period - Stopped by Chris Mason with a rebound.
11:14 of 2nd period - Wrist shot by Matthew Lombardi.
11:14 of 2nd period - Stopped by Chris Mason with a rebound.
11:16 of 2nd period - Slapshot by Mike Komisarek.
11:16 of 2nd period - Shot Blocked by Brooks Orpik.
11:51 of 2nd period - Snap shot by Blair Betts.
11:51 of 2nd period - Shot Hit the Post.
11:53 of 2nd period - Wrist shot by Zigmund Palffy.
11:53 of 2nd period - Shot Misses the Net.
12:25 of 2nd period - Slapshot by Dan Boyle.
12:25 of 2nd period - Stopped by Chris Mason with a rebound.
12:27 of 2nd period - Snap shot by Dan Boyle.
12:27 of 2nd period - Stopped by Chris Mason with a rebound.
12:29 of 2nd period - Slapshot by Dan Boyle.
12:29 of 2nd period - Stopped by Chris Mason without a rebound.
12:30 of 2nd period - Martin Straka wins face-off versus Travis Zajac in Flyers zone.
12:34 of 2nd period - Off-side.
12:35 of 2nd period - Travis Zajac wins face-off versus Martin Straka in neutral zone.
13:27 of 2nd period - Wrist shot by Martin St. Louis.
13:27 of 2nd period - Shot Misses the Net.
14:24 of 2nd period - Brian Lee is hit by Zigmund Palffy and loses puck.
14:37 of 2nd period - Brian Lee is hit by Marc Savard and loses puck.
14:50 of 2nd period - Snap shot by Vaclav Varada.
14:50 of 2nd period - Stopped by Chris Mason with a rebound.
15:47 of 2nd period - Wrist shot by Matthew Lombardi.
15:47 of 2nd period - Stopped by Chris Mason without a rebound.
15:48 of 2nd period - Matthew Lombardi wins face-off versus Martin Straka in Flyers zone.
15:51 of 2nd period - Snap shot by Blake Wheeler.
15:51 of 2nd period - Shot Misses the Net.
15:57 of 2nd period - Slapshot by Ryan Malone.
15:57 of 2nd period - Deflect By Martin Straka.
15:57 of 2nd period - Stopped by Chris Mason without a rebound.
15:58 of 2nd period - Travis Zajac wins face-off versus Martin Straka in Flyers zone.
16:03 of 2nd period - Snap shot by Travis Zajac.
16:03 of 2nd period - Shot Blocked by Ossi Vaananen.
16:11 of 2nd period - Snap shot by Martin Straka.
16:11 of 2nd period - Stopped by Tim Thomas with a rebound.
16:15 of 2nd period - Slapshot by Marcel Hossa.
16:15 of 2nd period - Shot Blocked by Paul Kariya.
16:17 of 2nd period - Slapshot by Ed Jovanovski.
16:17 of 2nd period - Stopped by Tim Thomas with a rebound.
16:19 of 2nd period - Snap shot by Miroslav Satan.
16:19 of 2nd period - Stopped by Tim Thomas with a rebound.
16:21 of 2nd period - Snap shot by Miroslav Satan.
16:21 of 2nd period - Stopped by Tim Thomas without a rebound.
16:22 of 2nd period - Maxim Afinogenov wins face-off versus Blair Betts in Blues zone.
16:22 of 2nd period - Maxim Afinogenov is hit by Brooks Orpik.
17:11 of 2nd period - Icing by Mike Komisarek.
17:12 of 2nd period - Martin Straka wins face-off versus Ryan Malone in Blues zone.
17:24 of 2nd period - Snap shot by Marcel Hossa.
17:24 of 2nd period - Shot Misses the Net.
17:26 of 2nd period - Backhand shot by Ed Jovanovski.
17:26 of 2nd period - Deflect By Marcel Hossa.
17:26 of 2nd period - Stopped by Tim Thomas with a rebound.
17:37 of 2nd period - Minor Penalty to Matthew Lombardi for Interference.
17:38 of 2nd period - Paul Kariya wins face-off versus Marc Savard in Blues zone.
18:03 of 2nd period - Zigmund Palffy is hit by Paul Kariya and loses puck.
18:10 of 2nd period - Slapshot by Frantisek Kaberle.
18:10 of 2nd period - Stopped by Tim Thomas with a rebound.
19:37 of 2nd period - Penalty to Matthew Lombardi is over, Matthew Lombardi is back on ice.
19:46 of 2nd period - Off-side.
19:47 of 2nd period - Matthew Lombardi wins face-off versus Martin Straka in neutral zone.
3rd period
0:01 of 3rd period - Travis Zajac wins face-off versus Marc Savard in neutral zone.
0:06 of 3rd period - Snap shot by Paul Kariya.
0:06 of 3rd period - Shot Blocked by Martin St. Louis.
0:08 of 3rd period - Snap shot by Travis Zajac.
0:08 of 3rd period - Shot Misses the Net.
0:10 of 3rd period - Snap shot by Travis Zajac.
0:10 of 3rd period - Shot Blocked by Frantisek Kaberle.
0:12 of 3rd period - Slapshot by Dan Boyle.
0:12 of 3rd period - Stopped by Chris Mason with a rebound.
0:14 of 3rd period - Wrist shot by Travis Zajac.
0:14 of 3rd period - Goal by Travis Zajac - Flyers : 3 - Blues : 3.
0:15 of 3rd period - Marc Savard wins face-off versus Travis Zajac in neutral zone.
0:42 of 3rd period - Nik Antropov is hit by Zigmund Palffy and loses puck.
1:07 of 3rd period - Snap shot by Ville Peltonen.
1:07 of 3rd period - Stopped by Chris Mason with a rebound.
1:42 of 3rd period - Minor Penalty to David Moss for Boarding.
1:43 of 3rd period - Nik Antropov wins face-off versus Martin Straka in Flyers zone.
1:54 of 3rd period - Snap shot by Maxim Afinogenov.
1:54 of 3rd period - Stopped by Chris Mason without a rebound.
1:55 of 3rd period - Nik Antropov wins face-off versus Martin Straka in Flyers zone.
3:17 of 3rd period - Ryan Malone is hit by Andrei Kostitsyn and loses puck.
3:42 of 3rd period - Penalty to David Moss is over, David Moss is back on ice.
5:30 of 3rd period - Nik Antropov is hit by Marc Savard and loses puck.
5:51 of 3rd period - Slapshot by Brooks Orpik.
5:51 of 3rd period - Shot Misses the Net.
5:53 of 3rd period - Slapshot by Justin Williams.
5:53 of 3rd period - Shot Blocked by Brian Lee.
5:57 of 3rd period - Snap shot by Andrei Kostitsyn.
5:57 of 3rd period - Shot Misses the Net.
5:59 of 3rd period - Snap shot by Andrei Kostitsyn.
5:59 of 3rd period - Deflect By Blair Betts.
5:59 of 3rd period - Goal by Blair Betts - Flyers : 4 - Blues : 3.
6:00 of 3rd period - Travis Zajac wins face-off versus Marc Savard in neutral zone.
6:03 of 3rd period - Martin St. Louis is hit by Bryce Lampman and loses puck.
6:08 of 3rd period - Snap shot by Travis Zajac.
6:08 of 3rd period - Goal by Travis Zajac - Flyers : 4 - Blues : 4.
6:09 of 3rd period - Travis Zajac wins face-off versus Marc Savard in neutral zone.
6:18 of 3rd period - Paul Kariya is hit by Martin St. Louis and loses puck.
7:37 of 3rd period - Off-side.
7:38 of 3rd period - Erik Cole wins face-off versus Travis Zajac in neutral zone.
8:13 of 3rd period - Snap shot by Ryan Malone.
8:13 of 3rd period - Stopped by Chris Mason without a rebound.
8:14 of 3rd period - Travis Zajac wins face-off versus Blair Betts in Flyers zone.
8:19 of 3rd period - Snap shot by Jamie Langenbrunner.
8:19 of 3rd period - Stopped by Chris Mason without a rebound.
8:20 of 3rd period - Paul Kariya wins face-off versus Blair Betts in Flyers zone.
8:20 of 3rd period - Minor Penalty to Andrei Kostitsyn for Roughing.
8:21 of 3rd period - Martin Straka wins face-off versus Nik Antropov in Flyers zone.
8:32 of 3rd period - Brent Burns is hit by Erik Cole and loses puck.
9:51 of 3rd period - Travis Zajac is hit by Brooks Orpik and loses puck.
10:12 of 3rd period - Nik Antropov is hit by Jeff O'Neill and loses puck.
10:20 of 3rd period - Penalty to Andrei Kostitsyn is over, Andrei Kostitsyn is back on ice.
10:42 of 3rd period - Brian Lee is hit by Martin Straka.
10:49 of 3rd period - Icing by Brian Lee.
10:50 of 3rd period - Blair Betts wins face-off versus Éric Belanger in Blues zone.
10:51 of 3rd period - Slapshot by Justin Williams.
10:51 of 3rd period - Shot Misses the Net.
11:07 of 3rd period - Minor Penalty to Ville Peltonen for Hooking.
11:07 of 3rd period - Minor Penalty to Blair Betts for Hooking.
11:08 of 3rd period - Marc Savard wins face-off versus Paul Kariya in neutral zone.
12:41 of 3rd period - Ossi Vaananen is hit by Nik Antropov and loses puck.
12:50 of 3rd period - Bryce Lampman is hit by Frantisek Kaberle and loses puck.
13:07 of 3rd period - Penalty to Ville Peltonen is over, Ville Peltonen is back on ice.
13:07 of 3rd period - Penalty to Blair Betts is over, Blair Betts is back on ice.
14:54 of 3rd period - Icing by Blair Betts.
14:55 of 3rd period - Travis Zajac wins face-off versus Marc Savard in Flyers zone.
15:20 of 3rd period - Marc Savard is hit by Maxim Afinogenov and loses puck.
17:05 of 3rd period - Wrist shot by Marcel Hossa.
17:05 of 3rd period - Shot Misses the Net.
17:07 of 3rd period - Slapshot by Marcel Hossa.
17:07 of 3rd period - Shot Misses the Net.
17:09 of 3rd period - Snap shot by Marcel Hossa.
17:09 of 3rd period - Goal by Marcel Hossa - Flyers : 5 - Blues : 4.
17:10 of 3rd period - Travis Zajac wins face-off versus Martin Straka in neutral zone.
17:36 of 3rd period - Scott Hannan is hit by Darcy Hordichuk and loses puck.
17:50 of 3rd period - Scott Hannan is hit by Ryan Malone.
18:10 of 3rd period - Scott Hannan is hit by Ville Peltonen and loses puck.
18:28 of 3rd period - Minor Penalty to Brian Lee for Holding Stick.
18:29 of 3rd period - Paul Kariya wins face-off versus Jeff O'Neill in Blues zone.
18:35 of 3rd period - Icing by Brooks Orpik.
18:36 of 3rd period - Jeff O'Neill wins face-off versus Paul Kariya in Flyers zone.
Output by the SimonT Hockey Simulator (STHS) for François Prévost -- Original Page W3C XHTML 1.0 Valid